 Dungeon Crawl Stone Soup version 0.21.1-1-g345015f (webtiles) character file.

333 suicidejoker the Skirmisher (level 6, -1/67 HPs)
             Began as an Ogre Monk on Mar 9, 2018.
             Slain by a worker ant zombie (4 damage)
             ... on level 5 of the Dungeon.
             The game lasted 00:10:24 (4549 turns).

suicidejoker the Skirmisher (Ogre Monk)             Turns: 4549, Time: 00:10:24

Health: -1/67      AC:  4    Str: 13    XL:     6   Next: 52%
Magic:  8/15       EV: 11    Int: 16    God:
Gold:   320        SH:  0    Dex: 13    Spells: 5/5 levels left

rFire    . . .     SeeInvis .   y - +0 war axe (curse)
rCold    . . .     Gourm    .   (no shield)
rNeg     . . .     Faith    .   b - +0 robe
rPois    +         Spirit   .   (helmet restricted)
rElec    +         Reflect  .   m - +0 cloak
rCorr    .         Harm     .   (gloves unavailable)
MR       .....                  (boots unavailable)
Stlth    +.........             (no amulet)
HPRegen  0.21/turn              x - ring of Equivalence {rElec rPois Str-3 Int+5 Stlth-}
MPRegen  0.14/turn              u - ring of magical power

@: hasted, very quick
A: large, unfitting armour, tough skin 1
a: no special abilities


You were on level 5 of the Dungeon.
You were not hungry.

You visited 1 branch of the dungeon, and saw 5 of its levels.

You collected 320 gold pieces.

Inventory:

Hand Weapons
 e - a +0 flail
 f - a +0 hunting sling
 h - a +1 whip of draining
 o - a +0 hunting sling
 t - a +2 short sword of protection
 w - a +0 mace
 y - a cursed +0 war axe (weapon)
Missiles
 d - 114 stones (quivered)
 j - 79 bolts
 r - 44 poisoned needles
Armour
 b - a +0 robe (worn)
 m - a +0 cloak (worn)
Jewellery
 u - a ring of magical power (right hand)
 x - the ring of Equivalence (left hand) {rElec rPois Str-3 Int+5 Stlth-}
   (You found it on level 4 of the Dungeon)

   [ring of loudness]

   It affects your strength (-3).
   It affects your intelligence (+5).
   It insulates you from electricity.
   It protects you from poison.
   It makes you less stealthy.
Wands
 v - a wand of polymorph (7)
Scrolls
 g - 2 scrolls of amnesia
 i - a scroll of fog
 n - 4 scrolls of identify
 q - a scroll of magic mapping
Comestibles
 c - 5 rations


   Skills:
 + Level 5.8 Fighting
 + Level 3.9 Maces & Flails
 + Level 3.9 Dodging
 - Level 1.4 Stealth
 + Level 2.6 Unarmed Combat


You had 5 spell levels left.
You didn't know any spells.

Dungeon Overview and Level Annotations

Branches:
Dungeon (5/15)
 Temple: D:4-7

Altars:
Elyvilon
Nemelex Xobeh
Okawaru


Innate Abilities, Weirdness & Mutations

You are too large for most types of armour.
You have tough skin. (AC +1)


Message History

You slash Blork!
You kill Blork!
Blork returns to his original shape as he dies.
You hit the worker ant zombie.
The worker ant zombie closely misses you.
You barely miss the jackal.
You hit the worker ant zombie but do no damage.
The jackal bites you but does no damage.
The worker ant zombie bites you but does no damage.
You closely miss the jackal. You hit the worker ant zombie.
The jackal bites you.
* * * LOW HITPOINT WARNING * * *
The worker ant zombie closely misses you.
The jackal bites you but does no damage.
You hit the worker ant zombie.
The worker ant zombie is moderately damaged.
You hit the jackal. The jackal bites you.
* * * LOW HITPOINT WARNING * * *
The worker ant zombie bites you.
You die...

*,****,,,,,,,,, *,* *,******,*
*,* *,* *,* *,****,******,*
*,*,,<,,,,,<,,* *,,,,.,,**,**,*
*.....,,,,,,,,,
########...#,,,*****,*
#§§ah@Z§"..#,,,* *,* ***
#h#####§...#.,,*****,* **,** #§#
##.a.....,,,,,,,,* **,*,**
#o###......#.,,,,,,,,,
*,***,######§##.......#.,,,,,,,,,
,**,,......§hh..<.......,,,_,,,_,
*,*,*.###....##.......#.,,,,,,,,,
**,,,** #.######)....>#,,,,,,⌠,,,
**,** #.* ##...#.#,,,,,,,,,,


You could see a worker ant, a worker ant zombie (inner flame) and a jackal.

Vanquished Creatures
  A howler monkey (D:4)
  A bullfrog skeleton (D:4)
  2 hounds (D:4)
  A hound skeleton (D:4)
  A gnoll (D:1)
  6 adders
  3 worms
  4 dart slugs
  6 leopard geckos
  3 orcs (D:3)
  3 ball pythons
  4 giant cockroaches
  9 goblins
  11 hobgoblins
  12 jackals
  13 kobolds
  10 bats
  4 frilled lizards
  A jackal skeleton (D:4)
  11 rats
  2 bushes (D:3)
  2 plants (D:3)
110 creatures vanquished.

Vanquished Creatures (others)
  A jelly (D:5)
  An orc (D:5)
  2 plants (D:3)
4 creatures vanquished.

Grand Total: 114 creatures vanquished

Notes
Turn   | Place    | Note
-------+----------+-------------------------------------------
     0 | D:1      | suicidejoker the Ogre Monk began the quest for the Orb.
     0 | D:1      | Reached XP level 1. HP: 24/24 MP: 1/1
    12 | D:1      | Noticed an electric eel
    45 | D:1      | Reached XP level 2. HP: 29/32 MP: 2/2
    65 | D:1      | Reached XP level 3. HP: 13/40 MP: 3/3
    67 | D:1      | Reached skill level 1 in Unarmed Combat
   622 | D:1      | Found an iron altar of Okawaru.
  1173 | D:2      | Reached XP level 4. HP: 36/49 MP: 4/4
  2287 | D:3      | Reached skill level 5 in Fighting
  2765 | D:3      | Found a white marble altar of Elyvilon.
  2892 | D:3      | Reached XP level 5. HP: 51/57 MP: 5/5
  3724 | D:4      | Got a vibrating granite ring
  3793 | D:4      | Reached XP level 6. HP: 54/66 MP: 6/6
  4361 | D:4      | Found a sparkling altar of Nemelex Xobeh.
  4498 | D:5      | Entered Level 5 of the Dungeon
  4498 | D:5      | Noticed Blork the orc
  4529 | D:5      | Identified the ring of Equivalence {rElec rPois Str-3 Int+5 Stlth-} (You found it on level 4 of the Dungeon)
  4543 | D:5      | Noticed Blork
  4543 | D:5      | Blork the orc changed into Blork the worm
  4546 | D:5      | Killed Blork the worm
  4549 | D:5      | HP: 3/67 [jackal (1)]
  4549 | D:5      | Slain by a worker ant zombie

Skill      XL: |  1  2  3  4  5 |
---------------+----------------+-----
Maces & Flails | 3 |  3.9
Dodging        | 3 |  3.9
Unarmed Combat | 1 2 |  2.6
Fighting       | 5 |  5.8
Stealth        | |  1.4

Action                   |  1- 3 |  4- 6 || total
-------------------------+-------+-------++-------
Melee: Mace              |    82 |   456 ||   538
       Flail             |    24 |       ||    24
       Punch             |       |    10 ||    10
       War axe           |       |    80 ||    80
Evoke: Wand              |       |     1 ||     1
  Use: Scroll            |       |     9 ||     9
       Potion            |       |     7 ||     7
 Stab: Sleeping          |     1 |     9 ||    10
  Eat: Chunk             |       |     8 ||     8
       Ration            |       |     2 ||     2
Armor: Robe              |    48 |   110 ||   158
Dodge: Dodged            |    94 |   209 ||   303
